 Dungeon Crawl Stone Soup version 0.21.1-1-g345015f (webtiles) character file.

278 RudyRod the Skirmisher (level 6, 0/57 HPs)
             Began as a Naga Fighter on Mar 15, 2018.
             Killed from afar by an orc wizard (4 damage)
             ... with a puff of flame
             ... on level 3 of the Dungeon.
             The game lasted 00:10:31 (2679 turns).

RudyRod the Skirmisher (Naga Fighter)               Turns: 2679, Time: 00:10:32

Health: 0/57       AC:  7    Str: 28    XL:     6   Next: 26%
Magic:  6/6        EV:  6    Int:  8    God:
Gold:   208        SH: 10    Dex: 10    Spells: 5/5 levels left

rFire    . . .     SeeInvis +   n - +0 falchion
rCold    . . .     Gourm    .   c - +0 shield
rNeg     . . .     Faith    .   b - +0 scale mail
rPois    +         Spirit   .   (no helmet)
rElec    .         Reflect  .   e - +0 cloak
rCorr    .         Harm     .   (no gloves)
MR       .....                  (no barding)
Stlth    ..........             (no amulet)
HPRegen  0.19/turn              h - +2 ring of strength
MPRegen  0.10/turn              (no ring)

@: mighty, very slow
A: large, see invisible, deformed body, poison resistance, slowness 2, slow
metabolism 1, spit poison 1, AC +2
a: Spit Poison


You were on level 3 of the Dungeon.
You were not hungry.

You visited 1 branch of the dungeon, and saw 4 of its levels.

You collected 208 gold pieces.

Inventory:

Hand Weapons
 a - a +0 rapier
 n - a +0 falchion (weapon)
Armour
 b - a +0 scale mail (worn)
 c - a +0 shield (worn)
 e - a +0 cloak (worn)
Jewellery
 h - a +2 ring of strength (left hand)
 r - an uncursed ring of protection from fire {unknown}
Scrolls
 i - 4 scrolls of identify {unknown}
 m - 4 scrolls of teleportation {unknown}
 o - 2 scrolls of remove curse {unknown}
 q - a scroll of amnesia {unknown}
 s - a scroll of random uselessness {unknown}
Potions
 d - a potion of might
 j - a potion of ambrosia {unknown}
 k - 2 potions of flight {unknown}
 l - 2 potions of curing {unknown}
 p - 2 potions of haste {unknown}
 t - a potion of agility {unknown}
Comestibles
 f - 7 rations


   Skills:
 + Level 3.8 Fighting
 + Level 2.9(3.3) Short Blades
 + Level 2.3(3.0) Long Blades
 + Level 3.4 Armour
 + Level 1.1 Dodging
 + Level 1.0 Stealth
 + Level 3.1 Shields


You had 5 spell levels left.
You didn't know any spells.

Dungeon Overview and Level Annotations

Branches:
Dungeon (4/15)
 Temple: D:4-7

Altars:
Gozag
Qazlal

Shops:
D:4 =


Innate Abilities, Weirdness & Mutations

You cannot wear boots.
Your serpentine skin is tough. (AC +2)
You have supernaturally acute eyesight. (SInv)
Armour fits poorly on your strangely shaped body.
Your system is resistant to poisons. (rPois)
You cover ground very slowly.
You have a slow metabolism.
You can spit poison.


Message History

The jackal bites you.
* * * LOW HITPOINT WARNING * * *
The orc wizard gestures at you while chanting.
The magic dart hits you!
* * * LOW HITPOINT WARNING * * *
You feel very mighty all of a sudden. The orc hits you with a hand axe.
* * * LOW HITPOINT WARNING * * *
The orc wizard hits you with a dagger.
* * * LOW HITPOINT WARNING * * *
The jackal barely misses you.
You hit the orc wizard.
The orc wizard is severely wounded.
The orc wizard hits you with a dagger.
* * * LOW HITPOINT WARNING * * *
You block the jackal's attack. The orc hits you with a hand axe.
* * * LOW HITPOINT WARNING * * *
The orc wizard gestures at you while chanting.
The puff of flame hits you!
You die...

#.# #.# #.# #.#
#######.## #.# ###.#
#........# #.# ....#
#.#####..# #.# ##### #.#
#).# #.# #.# #..# ##.#
##### #.# #<.# #..# ....#
#.#####..# #.## ###.#
#.##h@o..# #.# #.#
#.##o###.# #.# #.# #.##.#
#.# #.# #.# #.##.# #.#
#.# ###.########(##.# #.#
#.# ..........##.##.###.#
#.# ###.#####.##........#
#.#### #.# #.#####.#...##
#..... #.#
#...........(#######.....


You could see an orc wizard (invisible), an orc and a jackal.

Vanquished Creatures
  An ogre (D:4)
  A bullfrog (D:4)
  3 adders (D:2)
  An ooze (D:1)
  2 worms (D:3)
  2 dart slugs
  5 leopard geckos
  6 orcs
  2 ball pythons
  A giant cockroach (D:3)
  7 goblins
  8 hobgoblins
  7 jackals (D:1)
  12 bats
  5 frilled lizards
  6 kobolds
  10 rats
79 creatures vanquished.

Notes
Turn   | Place    | Note
-------+----------+-------------------------------------------
     0 | D:1      | RudyRod the Naga Fighter began the quest for the Orb.
     0 | D:1      | Reached XP level 1. HP: 21/21 MP: 1/1
   165 | D:1      | Reached XP level 2. HP: 25/28 MP: 2/2
   309 | D:1      | Reached XP level 3. HP: 26/34 MP: 3/3
   927 | D:2      | Reached XP level 4. HP: 34/42 MP: 4/4
  1210 | D:2      | Found a faded altar of an unknown god.
  1809 | D:3      | Found an opulent altar of Gozag.
  1874 | D:3      | Reached XP level 5. HP: 49/49 MP: 5/5
  2239 | D:4      | Found Xodielio's Jewellery Emporium.
  2320 | D:4      | Reached skill level 1 in Long Blades
  2320 | D:4      | Reached skill level 1 in Dodging
  2339 | D:4      | Noticed an ogre
  2345 | D:4      | Killed an ogre
  2345 | D:4      | Reached skill level 1 in Stealth
  2345 | D:4      | Reached XP level 6. HP: 31/57 MP: 6/6
  2596 | D:4      | Found a stormy altar of Qazlal.
  2679 | D:3      | Killed from afar by an orc wizard

Skill      XL: |  1  2  3  4  5 |
---------------+----------------+-----
Armour         | 3 |  3.4
Long Blades    | 2 |  2.3
Dodging        | 1 |  1.1
Shields        | 3 |  3.1
Stealth        | 1 |  1.0
Fighting       | |  3.8
Short Blades   | |  2.9

Action                   |  1- 3 |  4- 6 || total
-------------------------+-------+-------++-------
Melee: Rapier            |   171 |    29 ||   200
       Falchion          |       |   111 ||   111
  Use: Potion            |       |     1 ||     1
  Eat: Chunk             |       |     5 ||     5
Armor: Scale mail        |   100 |    46 ||   146
Dodge: Dodged            |    49 |    47 ||    96
Block: Shield            |    88 |    71 ||   159
       Rpst.: Falchion   |       |    12 ||    12
